 Dungeon Crawl Stone Soup version 0.20.1-1-g8b1a95d (webtiles) character file.

52 nocturnal the Charlatan (level 4, 0/26 HPs)
             Began as a Kobold Artificer on July 7, 2017.
             Killed themself with a badly aimed fireball (11 damage)
             ... on level 3 of the Dungeon.
             The game lasted 00:06:22 (2042 turns).

nocturnal the Charlatan (Kobold Artificer)          Turns: 2042, Time: 00:06:22

Health: 0/26       AC:  3    Str:  9    XL:     4   Next: 8%
Magic:  7/7        EV: 14    Int: 13    God:
Gold:   61         SH:  0    Dex: 15    Spells: 3/3 levels left

rFire    . . .     SeeInvis .   a - +0 short sword
rCold    . . .     Gourm    .   (shield restricted)
rNeg     . . .     Faith    .   b - +0 leather armour
rPois    +         Spirit   .   (no helmet)
rElec    .         Reflect  .   (no cloak)
rCorr    .         Harm     .   (no gloves)
MR       .....                  (no boots)
Stlth    ++........             (no amulet)
Regen    0.1/turn               g - ring of poison resistance
MPRegen  0.1/turn               m - ring of wizardry

@: no status effects
A: carnivore 3
a: no special abilities


You were on level 3 of the Dungeon.
You were completely stuffed.

You visited 1 branch of the dungeon, and saw 3 of its levels.

You collected 61 gold pieces.

Inventory:

Hand Weapons
 a - a +0 short sword (weapon)
Missiles
 j - 72 sling bullets
Armour
 b - a +0 leather armour (worn)
 o - a +0 ring mail
Jewellery
 g - a ring of poison resistance (left hand)
 m - a ring of wizardry (right hand)
Wands
 c - a wand of flame (12/48)
 d - a wand of enslavement (14/24)
 e - a wand of random effects (15/48)
Scrolls
 i - a scroll of fear {unknown}
Potions
 h - a potion of lignification {unknown}
 l - a potion of degeneration {unknown}
Comestibles
 f - a meat ration
 k - a chunk of flesh
 n - a royal jelly


   Skills:
 + Level 1.7 Fighting
 * Level 2.5 Short Blades
 + Level 2.4 Dodging
 + Level 2.2 Stealth
 - Level 4.6 Evocations


You had 3 spell levels left.
You didn't know any spells.

Dungeon Overview and Level Annotations

Branches:
Dungeon (3/15)

Altars:


Innate Abilities, Weirdness & Mutations

You are small and have problems with some larger weapons.
You are carnivorous and can eat meat at any time.


Message History

The bat completely misses you. The bat closely misses you. The bat hits you.
The bullfrog hits you. The bat barely misses you.
Evoke which item? (* to show all) (? for menu, Esc to quit)
Aiming: Enslavement
Press: ? - help, Shift-Dir - straight line, f - bullfrog
Aim: a bullfrog (chance to defeat MR: 60%)
The bullfrog resists with significant effort.
This wand has 14 charges left.
The bat barely misses you. The bat hits you but does no damage.
You hit the bat.
You kill the bat!
Evoke which item? (* to show all) (? for menu, Esc to quit)
Aiming: Random Effects
Press: ? - help, Shift-Dir - straight line, f/p - bullfrog
Aim: a bullfrog The fireball explodes!
The fireball engulfs the bullfrog.
The bullfrog is almost dead.
The fireball engulfs you!
You die...

g.........# .......#...
..........##...... #...
............... #...
#........... #...
#.........#.. #...
#.......... ...#...
#........#.##..####
###F######.##<.####
+.@.######.##..#...
####....##.##..%...
#.................
#.#........#......
...#..........##...
.....#.......#..##...
......######...#..##...
.#########...####.....#
#.......'..'>....#


You could see a bullfrog.

Vanquished Creatures
  2 adders (D:2)
  An orc (D:3)
  A giant cockroach (D:2)
  5 goblins
  3 hobgoblins (D:1)
  6 kobolds
  7 bats
  6 frilled lizards
  3 rats
34 creatures vanquished.

Notes
Turn   | Place    | Note
-------+----------+-------------------------------------------
     0 | D:1      | nocturnal the Kobold Artificer began the quest for the Orb.
     0 | D:1      | Reached XP level 1. HP: 12/12 MP: 3/3
   264 | D:1      | Reached XP level 2. HP: 16/16 MP: 4/4
   332 | D:1      | Reached skill level 4 in Evocations
   841 | D:2      | Reached XP level 3. HP: 20/20 MP: 6/6
  1836 | D:3      | Reached XP level 4. HP: 19/26 MP: 7/7
  2031 | D:3      | Noticed a bullfrog
  2042 | D:3      | Killed themself with a badly aimed fireball

Skill      XL: |  1  2 |
---------------+-------+-----
Evocations     | 4 |  4.6
Short Blades   | 2 |  2.5
Stealth        | 2 |  2.2
Fighting       | |  1.7
Dodging        | |  2.4

Action                   |  1- 3 |  4- 6 || total
-------------------------+-------+-------++-------
Melee: Short sword       |    89 |     9 ||    98
Evoke: Wand              |     3 |     1 ||     4
  Use: Scroll            |     1 |       ||     1
       Potion            |     1 |       ||     1
 Stab: Sleeping          |     7 |       ||     7
       Distracted        |     2 |       ||     2
  Eat: Chunk             |    11 |     1 ||    12
Armor: Leather armour    |    11 |     4 ||    15
Dodge: Dodged            |    48 |    14 ||    62
